 Dungeon Crawl Stone Soup version 0.28-a0-1594-ga885d4b3d6 (webtiles) character file.

Game seed: 1216932159503912389

2171 tilp the Frost Mage (level 9, 40/40 HPs)
             Began as a Felid Ice Elementalist on Jan 20, 2022.
             Was a Believer of Vehumet.
             Quit the game on level 8 of the Dungeon.
             The game lasted 00:20:08 (12138 turns).

tilp the Frost Mage (Felid Ice Elementalist)       Turns: 12138, Time: 00:20:08

Health: 40/40      AC:  2    Str:  4    XL:     9   Next: 11%
Magic:  26/26      EV: 20    Int: 20    God:    Vehumet [**....]
Gold:   463        SH:  0    Dex: 18    Spells: 7/18 levels left
                                        Lives:  1   Deaths: 2

rFire   + . .      SeeInvis +     - Unarmed
rCold   . . .      Faith    .   (shield unavailable)
rNeg    . . .      Spirit   .   (armour unavailable)
rPois   .          Reflect  .   (helmet unavailable)
rElec   .          Harm     .   (cloak unavailable)
rCorr   .          Rampage  .   (gloves unavailable)
Will    +....                   (boots unavailable)
Stlth   ++++......              w - amulet of regeneration
HPRegen 0.93/turn               b - ring of protection from fire
MPRegen 0.20/turn               j - ring of magical power

@: quick
A: very small, claws 1, fangs 3, see invisible, speed 1, shaggy fur 2, stealthy
paws, no weapons or thrown items, no armour, multi-lived
a: Renounce Religion


You were on level 8 of the Dungeon.
You worshipped Vehumet.
Vehumet was pleased with you.
You visited 1 branch of the dungeon, and saw 8 of its levels.

You collected 463 gold pieces.

Inventory:

Jewellery
 b - a ring of protection from fire (left paw)
 j - a ring of magical power (right paw)
 m - a +6 ring of strength
 v - an amulet of guardian spirit
 w - an amulet of regeneration (around neck)
Wands
 e - a wand of polymorph (4)
 r - a wand of paralysis (5)
 s - a wand of acid (6)
 u - a wand of mindburst (20)
 z - a wand of charming (6)
Scrolls
 k - a scroll of teleportation
 o - 2 scrolls of amnesia
 p - a scroll of blinking
 q - 2 scrolls of immolation
 x - a scroll of identify
 y - a scroll of fear
Potions
 a - a potion of resistance
 c - a potion of might
 d - 4 potions of mutation
 f - 5 potions of brilliance
 g - 4 potions of ambrosia
 h - a potion of lignification
 i - 2 potions of curing
 l - a potion of berserk rage
 n - a potion of flight
 t - a potion of heal wounds


   Skills:
 * Level 5.5 Fighting
 + Level 5.2 Dodging
 + Level 7.1 Stealth
 * Level 5.4 Unarmed Combat
 - Level 5.0 Spellcasting
 - Level 6.0 Conjurations
 - Level 8.0 Ice Magic
 + Level 2.5 Evocations


You had 7 spell levels left.
You knew the following spells:

 Your Spells              Type           Power      Damage    Failure   Level
a - Freeze                Ice            100%       1d11      1%          1
b - Frozen Ramparts       Ice            74%        1d9       1%          3
c - Ozocubu's Armour      Ice            37%        N/A       1%          3
d - Hailstorm             Conj/Ice       33%        3d8       6%          4

Your spell library contained the following spells:

 Spells                   Type           Power      Damage    Failure   Level
 Poisonous Vapours        Pois/Air       10%        N/A       17%         2


Dungeon Overview and Level Annotations

Branches:
Dungeon (8/15)             Temple (0/1) D:4
   Lair: D:8-11

Altars:
Cheibriados
Gozag
Hepliaklqana
Kikubaaqudgha
Makhleb
Sif Muna
Uskayaw
Vehumet
Xom
Yredelemnul

Annotations:
D:7 exclusion: hornet


Innate Abilities, Weirdness & Mutations

You have sharp claws.
You have razor-sharp teeth.
You have supernaturally acute eyesight. (SInv)
You cover ground quickly. (Speed+)
You are covered in thick fur. (AC +2)
Your paws help you pounce on unaware monsters.
You are incapable of wielding weapons or throwing items.
You cannot wear armour.
You gain extra lives every three experience levels.


Message History

The wall freezes the two-headed ogre.
The two-headed ogre misses you.
The two-headed ogre hits you with a +0 giant club!!
Ouch! That really hurt!
Casting: Freeze (safe; 1% risk of failure)
Confirm with . or Enter, or press ? or * to list all spells.
Aiming: Freeze (safe; 1% risk of failure)
Press: ? - help, Shift-Dir - straight line, f/p - two-headed ogre
Aim: a two-headed ogre, wielding two +0 giant clubs (heavily wounded)
You freeze the two-headed ogre.
The two-headed ogre is severely wounded.
The wall freezes the two-headed ogre!
The two-headed ogre misses you.
The two-headed ogre hits you with a +0 giant club!
* * * LOW HITPOINT WARNING * * *
Unknown command.
Casting: Freeze (safe; 1% risk of failure)
Confirm with . or Enter, or press ? or * to list all spells.
Aiming: Freeze (safe; 1% risk of failure)
Press: ? - help, Shift-Dir - straight line, f/p - two-headed ogre
Aim: a two-headed ogre, wielding two +0 giant clubs (severely wounded)
You freeze the two-headed ogre.
The two-headed ogre is severely wounded.
Unknown command.
Unknown command.
Your icy armour and frozen ramparts will break if you move.
Continue?
Your icy armour cracks and falls away as you move.
The frozen ramparts melt away as you move.
Unknown command.
Casting: Freeze (safe; 1% risk of failure)
Confirm with . or Enter, or press ? or * to list all spells.
Casting: Hailstorm (dangerous; 6% risk of failure)
Press: ? - help, Dir - look around, f - activate A cannonade of hail descends around you!
The hail pelts the two-headed ogre.
The two-headed ogre is almost dead.
The two-headed ogre completely misses you.
The two-headed ogre hits you with a +0 giant club!!
You die...
You are now level 9!
You rejoin the land of the living...
Are you sure you want to abandon this character and quit the game? (Confirm with "yes".)

.............. #.#.§§....
###.##.##l.... . #.≈≈≈≈≈≈ .##.#
#.... #.≈≈≈≈≈≈ ###.##.# ##..
#..§≈.⌠≈§ .......# # ...≈≈_>≈§
..#.##.#####.####### ..≈≈≈§≈≈
........[..........## ..≈≈≈≈§≈
.†..................## .....§.
..#.....#. .#.@....# #######
#.#.###.#.###.#.###....# #
..#.... #.....#... ..# ##### #
.....#. ..#.....# ...##...####
.###.#.###.#.###.# ###...........
.....#.).†.#.....#...........###9
........#.....#)†...#............
#...###.#.###.#†###.#.###........
........#.....#[[)..#...........#


There were no monsters in sight!

Vanquished Creatures
  Pikel (D:4)
  A basilisk (D:8)
  3 wyverns (D:8)
  2 chaos spawn (D:8)
  A steam dragon (D:8)
  3 water moccasins
  An orc warrior (D:7)
  3 ice beasts (D:6)
  2 sky beasts (D:6)
  5 black bears (D:8)
  A necrophage (D:6)
  2 centaurs
  A lemure (D:4)
  A phantom (D:6)
  A kobold brigand (D:8)
  A bullfrog (D:8)
  4 scorpions
  A water moccasin zombie (D:6)
  2 water moccasin skeletons
  3 killer bees (D:7)
  6 wights
  3 howler monkeys
  A crimson imp (D:5)
  A centaur zombie (D:7)
  3 jellies
  4 hounds
  7 orc priests
  A gnoll shaman (D:8)
  3 centaur skeletons
  An iguana (D:7)
  2 orc wizards
  11 gnolls
  A howler monkey skeleton (D:7)
  5 adders
  2 white imps
  2 ufetubi (D:5)
  2 worms (D:2)
  3 dart slugs
  29 orcs
  3 ball pythons
  12 endoplasms
  4 giant cockroaches
  6 hobgoblins
  4 kobolds
  A quokka (D:4)
  8 bats
  A frilled lizard (D:2)
  11 goblins
  6 rats
182 creatures vanquished.

Vanquished Creatures (others)
  An ogre (D:6)
  A gnoll sergeant (D:6)
  A centaur zombie (D:8)
  An iguana (D:6)
  An adder (D:6)
  3 bushes (D:8)
  21 fungi
  38 plants
67 creatures vanquished.

Grand Total: 249 creatures vanquished

Notes
Turn   | Place    | Note
-------+----------+-------------------------------------------
     0 | D:1      | tilp the Felid Ice Elementalist began the quest for the
                  | Orb.
     0 | D:1      | Reached XP level 1. HP: 7/7 MP: 4/4
   157 | D:1      | Reached XP level 2. HP: 11/11 MP: 4/6
   184 | D:1      | Reached skill level 4 in Ice Magic
  1209 | D:1      | Reached XP level 3. HP: 14/14 MP: 3/7
  1214 | D:1      | Learned a level 3 spell: Frozen Ramparts
  1490 | D:1      | Learned a level 3 spell: Ozocubu's Armour
  1514 | D:1      | Found a faded altar of an unknown god.
  2565 | D:2      | Reached XP level 4. HP: 18/18 MP: 4/9
  3084 | D:3      | Reached skill level 5 in Ice Magic
  3088 | D:3      | Reached XP level 5. HP: 6/21 MP: 1/10
  3543 | D:3      | Found an ancient bone altar of Kikubaaqudgha.
  3752 | D:3      | Found a faded altar of an unknown god.
  3826 | D:3      | Found a faded altar of an unknown god.
  3826 | D:3      | Found a hazy altar of Hepliaklqana.
  4117 | D:4      | Found a radiant altar of Vehumet.
  4225 | D:4      | Found a staircase to the Ecumenical Temple.
  4230 | D:4      | Noticed a lemure
  4253 | D:4      | Killed a lemure
  4376 | D:4      | Noticed an ice beast
  4401 | D:4      | Noticed Pikel
  4908 | D:4      | Noticed a lemure
  4916 | D:4      | Noticed a lemure
  4917 | D:4      | Noticed a lemure
  4918 | D:4      | Reached skill level 6 in Ice Magic
  4982 | D:4      | Became a worshipper of Vehumet
  5031 | D:5      | Entered Level 5 of the Dungeon
  5097 | D:5      | Reached skill level 1 in Fighting
  5097 | D:5      | Reached skill level 1 in Unarmed Combat
  5097 | D:5      | Gained mutation: You are covered in thick fur. (AC +2)
                  | [Felid growth]
  5097 | D:5      | Reached XP level 6. HP: 11/25 MP: 11/11
  6390 | D:5      | Noticed a yak
  6390 | D:5      | Noticed a yak
  6390 | D:5      | Noticed a yak
  6390 | D:5      | Noticed a yak
  6390 | D:5      | Noticed a yak
  6427 | D:5      | Reached XP level 7. HP: 26/30 MP: 12/12
  6437 | D:5      | Noticed a yak
  6979 | D:4      | Killed Pikel
  6980 | D:4      | Reached skill level 5 in Stealth
  6980 | D:4      | Reached XP level 8. HP: 36/36 MP: 13/13
  6985 | D:4      | Learned a level 4 spell: Hailstorm
  7619 | D:6      | Reached skill level 1 in Conjurations
  8071 | D:6      | Reached * piety under Vehumet
  8071 | D:6      | Offered knowledge of Sandblast by Vehumet.
  8148 | D:6      | Shot with an arrow by a centaur
  8149 | D:6      | Reached XP level 7. HP: 0/32 MP: 22/22
  8250 | D:6      | Reached XP level 8. HP: 36/36 MP: 6/15
  8446 | D:6      | Found a burning altar of Makhleb.
  8755 | D:6      | Found a shimmering altar of Xom.
  9061 | D:6      | Reached skill level 7 in Ice Magic
  9203 | D:6      | Reached skill level 5 in Conjurations
  9500 | D:7      | Found an opulent altar of Gozag.
  9642 | D:7      | Noticed a hornet
  9960 | D:7      | Reached skill level 5 in Spellcasting
  9960 | D:7      | Reached XP level 9. HP: 39/39 MP: 17/17
 10346 | D:7      | Found a basalt altar of Yredelemnul.
 10346 | D:7      | Found a hide-covered altar of Uskayaw.
 10349 | D:7      | Found a shimmering blue altar of Sif Muna.
 11045 | D:8      | Found a snail-covered altar of Cheibriados.
 11203 | D:8      | Noticed a gargoyle
 11291 | D:8      | Found the +7 mace of Variability {chain chaos}
 11294 | D:8      | Found a shimmering altar of Xom.
 11343 | D:8      | Reached skill level 8 in Ice Magic
 11346 | D:8      | Reached ** piety under Vehumet
 11418 | D:8      | Offered knowledge of Poisonous Vapours by Vehumet.
 11419 | D:8      | Reached skill level 1 in Evocations
 11633 | D:8      | Noticed a two-headed ogre
 11773 | D:8      | Noticed a two-headed ogre
 11817 | D:8      | Reached skill level 5 in Fighting
 11817 | D:8      | Reached skill level 5 in Unarmed Combat
 11947 | D:8      | Reached skill level 5 in Dodging
 11952 | D:8      | Reached XP level 10. HP: 44/44 MP: 8/18
 12137 | D:8      | Mangled by a two-headed ogre
 12138 | D:8      | Reached XP level 9. HP: -6/40 MP: 10/26
 12138 | D:8      | Quit the game

Illustrated notes

Levels and vault maps discovered:
D:1:      dpeg_arrival_subterranean_lakeside_camping, layout_loops_ring,
          basic_ecumenical_altar, serial_forest, infiniplex_forest_clump_long,
          infiniplex_forest_clump_double, infiniplex_forest_end_1,
          infiniplex_forest_straight_5, infiniplex_forest_corner_2,
          infiniplex_forest_lined_room_2, infiniplex_forest_zigzag_2
D:2:      layout_basic
D:3:      layout_basic, nicolae_hepliaklqana_ecumenical_no_more,
          nicolae_overflow_hidden_temple, serial_glass, glass_columns_a,
          glass_columns_a, minmay_strange_pillars, item_on_display_a
D:4:      layout_loops_corners, lemuel_tele_altar,
          minmay_temple_entry_stoned_glass, serial_aquarium,
          aquarium_bridge_long_joined [aquarium_subvault_bridge,
          aquarium_subvault_wall, aquarium_subvault_balcony,
          aquarium_subvault_bridge, aquarium_subvault_balcony,
          aquarium_subvault_wall], aquarium_window_2, aquarium_window_corner,
          aquarium_view_2d, aquarium_view_2e, uniq_pikel
D:5:      layout_cave_pools
D:6:      layout_rooms, xom_confusion_cloud, mainiacjoe_overflow_boulevard
D:7:      layout_cave_pods, nicolae_gozag_seed_capital,
          gammafunk_temple_overflow_forgotten
D:8:      hangedman_cross_stitches, layout_loops_ring, general_overflow_altar,
          minmay_lair_entry_grove, minmay_guarded_unrand_variability

Skill      XL: |  1  2  3  4  5  6  7  8  9 |
---------------+----------------------------+-----
Ice Magic      | 4 5 6 7 8 |  8.0
Spellcasting   | 3 4 5 |  5.0
Fighting       | 1 2 4 5 |  5.5
Stealth        | 3 5 6 7 |  7.1
Unarmed Combat | 1 2 4 5 |  5.4
Dodging        | 3 4 5 |  5.2
Conjurations   | 5 6 |  6.0
Evocations     | 2 |  2.5

Action                   |  1- 3 |  4- 6 |  7- 9 | 10-12 || total
-------------------------+-------+-------+-------+-------++-------
Melee: Unarmed           |    21 |    32 |   191 |     3 ||   247
       Bite              |     3 |     5 |    27 |     1 ||    36
       Punch             |       |     1 |     6 |       ||     7
 Cast: Freeze            |    53 |    46 |    48 |     4 ||   151
       Frozen Ramparts   |     4 |    11 |    39 |     2 ||    56
       Ozocubu's Armour  |     1 |     8 |    34 |     2 ||    45
       Hailstorm         |       |       |    40 |     4 ||    44
Evoke: Wand              |       |     2 |       |       ||     2
  Use: Scroll            |     2 |     9 |     7 |       ||    18
       Potion            |       |     2 |       |       ||     2
 Stab: Sleeping          |     7 |     3 |     7 |       ||    17
Armor: Skin              |     5 |    11 |    49 |     1 ||    66
Dodge: Dodged            |    40 |    58 |   216 |     6 ||   320

Table legend: (Time is in decaauts)
 A = Elapsed time spent in this place.
 B = Non-inter-level travel time spent in this place.
 C = Inter-level travel time spent in this place.
 D = Time resting spent in this place.
 E = Time spent auto-exploring this place.
 F = Levels seen in this place.
 G = Mean time per level.
                   A        B        C        D        E       F      G
               +--------+--------+--------+--------+--------+-----+--------+
         Total |  11044 |  10570 |    474 |   2484 |   6339 |   8 | 1380.5 |
       Dungeon |  11044 |  10570 |    474 |   2484 |   6339 |   8 | 1380.5 |
               +--------+--------+--------+--------+--------+-----+--------+

Top non-repeatable levels by time:
     D:4: 2042 daAuts
     D:1: 1830 daAuts
     D:7: 1523 daAuts
     D:5: 1451 daAuts
     D:6: 1422 daAuts
     D:3: 1132 daAuts
     D:8: 978 daAuts
     D:2: 663 daAuts
